 Dungeon Crawl Stone Soup version 0.31-a0-233-g139696dc86 (webtiles) character file.

Game seed: 8610609074132766448

387 Morbidden the Conjurer (level 6, 0/76 HPs)
             Began as an Armataur Conjurer on July 8, 2023.
             Succumbed to a scorpion's poison
             ... on level 4 of the Dungeon.
             The game lasted 00:03:51 (3357 turns).

Morbidden the Conjurer (Armataur Conjurer)          Turns: 3357, Time: 00:03:51

Health: 0/76       AC:  4    Str: 12    XL:     6   Next: 49%
Magic:  9/19       EV:  9    Int: 21    God:
Gold:   243        SH:  0    Dex:  8    Spells: 7/10 levels left

rFire   . . .        b - +1 war axe (venom)
rCold   . . .        (no shield)
rNeg    . . .        i - +0 robe
rPois   .            (no helmet)
rElec   .            (no cloak)
rCorr   .            (no gloves)
SInv    .            (no barding)
Will    .....        (no amulet) Stlth
                     j - ring of magical power
HPRegen 0.32/turn    (no ring)
MPRegen 0.16/turn

%: roll
@: berserking, lethally poisoned (0 -> -18), hasted, very quick
A: large, rugged brown scales 3, deformed body, armoured tail, roll, long
tongue, awkward tongue
a: no special abilities


You were on level 4 of the Dungeon.
You visited 1 branch of the dungeon, and saw 4 of its levels.

You collected 243 gold pieces.

Inventory:

Hand Weapons
 a - a +0 mace
 b - a +1 war axe of venom (weapon)
Missiles
 e - 16 poisoned darts (quivered)
 f - 2 boomerangs of dispersal
 l - 6 javelins
 q - 2 boomerangs
 s - a throwing net
Armour
 h - a +0 chain mail
 i - a +0 robe (worn)
Jewellery
 j - a ring of magical power (left hand)
Scrolls
 c - 2 scrolls of noise {unknown}
 m - 3 scrolls of teleportation {unknown}
 n - 3 scrolls of identify {unknown}
 p - 3 scrolls of immolation {unknown}
 r - a scroll of amnesia {unknown}
 t - a scroll of fear {unknown}
 u - a scroll of enchant armour {unknown}
Potions
 k - a potion of cancellation
 o - a potion of brilliance {unknown}
 v - a potion of heal wounds {unknown}
 w - a potion of magic


   Skills:
 * Level 1.7 Fighting
 * Level 1.5 Maces & Flails
 * Level 2.4 Armour
 * Level 2.1 Dodging
 + Level 3.0 Stealth
 * Level 2.8 Spellcasting
 * Level 5.0 Conjurations


You had 7 spell levels left.
You knew the following spells:

 Your Spells              Type           Power      Damage    Failure   Level
a - Magic Dart            Conj           96%        1d7       1%          1
b - Searing Ray           Conj           48%        2d6       2%          2

Your spell library contained the following spells:

 Spells                   Type           Power      Damage    Failure   Level
 Dazzling Flash           Conj/Hex       26%        N/A       14%         3
 Cigotuvi's Dreadful Rot  Necr/Pois/Air  4%         N/A       21%         2
 Sublimation of Blood     Necr           2%         N/A       21%         2
 Wereblood                Tmut           2%         N/A       21%         2
 Ignite Poison            Fire/Tmut/Pois 2%         N/A       38%         3
 Ozocubu's Armour         Ice            2%         N/A       38%         3
 Fulminant Prism          Conj/Hex       6%         3d6       43%         4
 Iskenderun's Mystic Bla  Conj/Tloc      13%        2d5       43%         4
 Freezing Cloud           Conj/Ice/Air   4%         6-21      88%         5
 Metabolic Englaciation   Hex/Ice        1%         N/A       98%         5
 Simulacrum               Ice/Necr       1%         N/A       100%        6
 Summon Hydra             Summ           1%         N/A       100%        7


Dungeon Overview and Level Annotations

Branches:
Dungeon (4/15)
 Temple: D:4-7

Altars:

Shops:
D:2 [


Innate Abilities, Weirdness & Mutations

You are completely covered in rugged brown scales. (AC +3, +7% HP)
Armour fits poorly on your strangely shaped body.
You have a long armoured tail.
You roll when moving toward enemies. (Rampage)
Your long tongue fully drains potion bottles. (2x potion effects)
Your tongue gives you trouble enunciating. (1.5x scroll delay)


Message History

The searing ray hits the scorpion.
The scorpion is severely wounded. (Press . to maintain the ray.)
You feel very sick.
The scorpion stings you but does no damage.
The searing ray hits the scorpion.
The scorpion is almost dead.
You feel very sick. The scorpion stings you.
You are more poisoned.
The scorpion poisons you!
Unknown command.
The searing ray misses the scorpion.
You feel very sick. The scorpion stings you.
* * * LOW HITPOINT WARNING * * *
You are more poisoned.
The scorpion poisons you!
Unknown command.
Unknown command.
Unknown command.
It was a potion of cancellation.
You feel magically purged.
You slurp down every last drop of the potion of cancellation!
* * * LOW HITPOINT WARNING * * *
You feel extremely sick.
The scorpion stings you but does no damage.
Unknown command.
Unknown command.
Unknown command.
It was a potion of haste.
You feel yourself speed up.
You slurp down every last drop of the potion of haste!
* * * LOW HITPOINT WARNING * * *
You feel very sick.
The scorpion stings you but does no damage. x2
Unknown command.
It was a potion of berserk rage.
A red film seems to cover your vision as you go berserk!
You feel yourself moving faster!
You feel mighty!
You slurp down every last drop of the potion of berserk rage!
You die...

#.........+...........#.
##.......##...........#
#.......##...........#
#.......##......##...#
#.......##########...#
#.........<.... ....#
#.............. .(..#
.#######'##..... ....#
..>....@s.# ####
...............
...............
.....:..........
................
.#########...... ......
.....


You could see a scorpion.

Vanquished Creatures
  A phantom (D:4)
  2 scorpions
  An orc wizard (D:4)
  An iguana (D:4)
  6 gnolls
  2 adders (D:2)
  A dart slug (D:3)
  6 orcs
  2 ball pythons
  10 endoplasms
  4 giant cockroaches
  3 goblins
  7 hobgoblins
  2 jackals (D:1)
  8 kobolds
  2 quokkas
  4 bats
  3 frilled lizards
  5 rats
70 creatures vanquished.

Notes
Turn   | Place    | Note
-------+----------+-------------------------------------------
     0 | D:1      | Morbidden the Armataur Conjurer began the quest for the
                  | Orb.
     0 | D:1      | Reached XP level 1. HP: 14/14 MP: 3/3
   181 | D:1      | Reached skill level 1 in Armour
   364 | D:1      | Reached XP level 2. HP: 21/21 MP: 1/4
   927 | D:1      | Learned a level 2 spell: Searing Ray
   963 | D:2      | Found a faded altar of an unknown god.
  1159 | D:2      | Found Aniawk's Antique Armour Emporium.
  1226 | D:2      | Reached XP level 3. HP: 28/28 MP: 5/5
  1257 | D:2      | Reached skill level 4 in Conjurations
  1641 | D:2      | Reached XP level 4. HP: 30/36 MP: 7/7
  1642 | D:2      | Reached skill level 1 in Fighting
  2367 | D:3      | Noticed a scorpion
  2371 | D:3      | Killed a scorpion
  2372 | D:3      | Reached XP level 5. HP: 29/42 MP: 8/8
  2861 | D:4      | Reached skill level 1 in Maces & Flails
  2988 | D:4      | Noticed a phantom
  2998 | D:4      | Killed a phantom
  2999 | D:4      | Reached XP level 6. HP: 36/50 MP: 7/9
  3233 | D:4      | Reached skill level 5 in Conjurations
  3356 | D:4      | HP: 2/51 [poisoned by a scorpion]
  3357 | D:4      | Succumbed to a scorpion's poison

Illustrated notes

Levels and vault maps discovered:
D:1:      dpeg_arrival_fog, layout_rooms, minmay_small_reverse_x
D:2:      layout_basic, serial_shops, shop, ebering_ecumenical_altar_petrified
D:3:      minmay_door_path, layout_basic, serial_park_tiny_1
D:4:      layout_gridville, nicolae_kite_square_tiling_tiny

Skill      XL: |  1  2  3  4  5  6 |
---------------+-------------------+-----
Armour         | 1 2 |  2.4
Conjurations   | 4 5 |  5.0
Spellcasting   | 2 |  2.8
Fighting       | 1 |  1.7
Dodging        | 2 |  2.1
Maces & Flails | 1 |  1.5
Stealth        | 3 |  3.0

Action                     |  1- 3 |  4- 6 || total
---------------------------+-------+-------++-------
  Melee: Unarmed           |    15 |       ||    15
         Club              |    16 |       ||    16
         Tailslap          |     4 |     3 ||     7
         Mace              |       |    22 ||    22
  Throw: Dart              |       |     1 ||     1
   Cast: Magic Dart        |    56 |    38 ||    94
         Searing Ray       |     1 |    17 ||    18
    Use: Potion            |       |     3 ||     3
   Stab: Sleeping          |     1 |     6 ||     7
 Armour: Robe              |     9 |    11 ||    20
  Dodge: Dodged            |    19 |    12 ||    31

Table legend: (Time is in decaauts)
 A = Elapsed time spent in this place.
 B = Non-inter-level travel time spent in this place.
 C = Inter-level travel time spent in this place.
 D = Time resting spent in this place.
 E = Time spent auto-exploring this place.
 F = Levels seen in this place.
 G = Mean time per level.
                   A        B        C        D        E       F      G
               +--------+--------+--------+--------+--------+-----+--------+
         Total |   3366 |   3233 |    133 |    121 |   2599 |   4 |  841.5 |
       Dungeon |   3366 |   3233 |    133 |    121 |   2599 |   4 |  841.5 |
               +--------+--------+--------+--------+--------+-----+--------+

Top non-repeatable levels by time:
     D:1: 961 daAuts
     D:3: 897 daAuts
     D:2: 854 daAuts
     D:4: 653 daAuts
